 Seeded DCSS version 0.30.1 (webtiles) character file.

Game seed: 7229806256980976716 (custom seed)

4 McKennaii the Digger (level 1, 14/14 HPs)
             Began as a Demigod Earth Elementalist on July 13, 2023.
             Quit the game on level 1 of the Dungeon.
             The game lasted 00:00:40 (126 turns).

McKennaii the Digger (Demigod Earth Elementalist)    Turns: 126, Time: 00:00:40

Health: 14/14      AC:  2    Str:  9    XL:     1   Next: 40%
Magic:  3/5        EV: 12    Int: 17    God:
Gold:   17         SH:  0    Dex: 14    Spells: 2/3 levels left

rFire   . . .        (no weapon)
rCold   . . .        (no shield)
rNeg    . . .        a - +0 robe
rPois   .            (no helmet)
rElec   .            (no cloak)
rCorr   .            (no gloves)
SInv    .            (no boots)
Will    .....        (no amulet)
Stlth   ++           (no ring)
HPRegen 0.22/turn    (no ring)
MPRegen 0.09/turn

%: no passive effects
@: no status effects
A: high MP 1, forlorn, divine attributes
a: no special abilities


You were on level 1 of the Dungeon.
You visited 1 branch of the dungeon, and saw 1 of its levels.

You collected 17 gold pieces.

Inventory:

Missiles
 c - a throwing net
Armour
 a - a +0 robe (worn)
 e - the +3 pair of mountain boots {steadfast, rC+}
   (You acquired it on level 1 of the Dungeon)

   Steadfast: It prevents involuntary movement, except for blinking,
   teleportation, or banishment.
   rC:        It protects you from cold.
Scrolls
 d - 2 scrolls of amnesia {unknown}
 f - a scroll of teleportation {unknown}
Potions
 b - a potion of magic


   Skills:
 - Level 1.7 Dodging
 - Level 1.7 Stealth
 + Level 1.9 Spellcasting
 - Level 0.8 Transmutations
 + Level 2.8 Earth Magic


You had 2 spell levels left.
You knew the following spells:

 Your Spells              Type           Power      Damage    Failure   Level
a - Sandblast             Erth           22%        2d7       6%          1

Your spell library contained the following spells:

 Spells                   Type           Power      Damage    Failure   Level
 Passwall                 Tmut/Erth      5%         N/A       14%         2
 Stone Arrow              Conj/Erth      12%        3d7       32%         3
 Petrify                  Tmut/Erth      7%         N/A       65%         4


Dungeon Overview and Level Annotations

Branches:
Dungeon (1/15)


Innate Abilities, Weirdness & Mutations

You have an increased reservoir of magic. (+10% MP)
You shall have no god before yourself.
Your divine heritage dramatically boosts your attributes as you level up.


Message History

The blast of sand misses the quokka.
You hit the quokka but do no damage. The quokka barely misses you.
The blast of sand hits the quokka.
The quokka is severely wounded.
The quokka bites you. x2
You are too injured to fight recklessly!
The quokka attacks as you move away!
The quokka bites you but does no damage.
The blast of sand hits the quokka.
You kill the quokka!
You can't see any susceptible monsters within range! (Use Z to cast anyway.) HP restored.
Found 3 stones.
You can't see any susceptible monsters within range! (Use Z to cast anyway.)
e - 3 scrolls labelled RAGIOR NADERHA You see here 3 stones.
f - a scroll labelled WUBBUN RUOS You can't see any susceptible monsters within range! (Use Z to cast anyway.)
A giant cockroach comes into view.
You can't see any susceptible monsters within range! (Use Z to cast anyway.)
A giant cockroach is nearby!
You can't see any susceptible monsters within range! (Use Z to cast anyway.)
A giant cockroach is nearby!
You can't see any susceptible monsters within range! (Use Z to cast anyway.)
You can't see any susceptible monsters within range! (Use Z to cast anyway.)
You can't see any susceptible monsters within range! (Use Z to cast anyway.)
You can't see any susceptible monsters within range! (Use Z to cast anyway.)
You can't see any susceptible monsters within range! (Use Z to cast anyway.)
You can't see any susceptible monsters within range! (Use Z to cast anyway.)
The blast of sand hits the giant cockroach.
The giant cockroach is severely wounded.
The blast of sand hits the giant cockroach.
You kill the giant cockroach!
This is a scroll of acquirement!
Something appears at your feet!
You see here a book of Dangerous Friends.
Something appears at your feet! Something appears at your feet!
e - the +3 pair of mountain boots {steadfast, rC+} Are you sure you want to abandon this character and quit the game? (Confirm with "yes".)

########
##♣..>..
##......
##♣.⌠_⌠.
#####⌠##
#######
..############
.....†.@.....#
##.#########.#
##### #.#
#.... #.#
#.###
#(#######.#
#.........#
###########


There were no monsters in sight!

Vanquished Creatures
  A giant cockroach (D:1)
  A hobgoblin (D:1)
  A quokka (D:1)
3 creatures vanquished.

Notes
Turn   | Place    | Note
-------+----------+-------------------------------------------
     0 | D:1      | McKennaii the Demigod Earth Elementalist began the quest
                  | for the Orb.
     0 | D:1      | Reached XP level 1. HP: 14/14 MP: 5/5
   122 | D:1      | Identified 3 scrolls of acquirement
   122 | D:1      | Acquired the +0 pair of gloves "Telediv" {rElec rF+ Str+5}
   123 | D:1      | Acquired a book of Dangerous Friends
   124 | D:1      | Acquired the +3 pair of mountain boots {steadfast, rC+}
   124 | D:1      | Found the +3 pair of mountain boots {steadfast, rC+}
   126 | D:1      | Quit the game

Illustrated notes

Levels and vault maps discovered:
D:1:      spicycebolla_arrival_ecumenical, layout_loops_ring

Action                     || total
---------------------------++-------
  Melee: Unarmed           ||     1
   Cast: Sandblast         ||     6
    Use: Scroll            ||     3
 Armour: Robe              ||     1
  Dodge: Dodged            ||     1
